 Dungeon Crawl Stone Soup version 0.31-a0-263-ge8cad7f256 (webtiles) character file.

Game seed: 11445060443627642747

122 qw the Shooter (level 5, -6/30 HPs)
             Began as a Gargoyle Hexslinger on July 13, 2023.
             Killed from afar by Terence (11 damage)
             ... with a puff of flame
             ... on level 2 of the Dungeon.
             The game lasted 00:00:42 (1335 turns).

qw the Shooter (Gargoyle Hexslinger)                Turns: 1335, Time: 00:00:42

Health: -6/30      AC: 10    Str: 12    XL:     5   Next: 6%
Magic:  6/6        EV: 10    Int: 13    God:
Gold:   71         SH:  0    Dex: 14    Spells: 5/6 levels left

rFire   . . .        Y - +3 sling
rCold   . . .        (no shield)
rNeg    + . .        e - +0 ring mail
rPois   inf          (no helmet)
rElec   +            (no cloak)
rCorr   .            (no gloves)
SInv    .            f - +0 pair of boots
Will    .....        (no amulet)
Stlth   +            (no ring)
HPRegen 0.25/turn    (no ring)
MPRegen 0.10/turn

%: no passive effects
@: no status effects
A: sickness immunity, AC +4, negative energy resistance 1, electricity
resistance, torment resistance 1, petrification resistance
a: no special abilities


You were on level 2 of the Dungeon.
You visited 1 branch of the dungeon, and saw 2 of its levels.

You collected 71 gold pieces.


Innate Abilities, Weirdness & Mutations

You are immune to sickness and miasma.
Your stone body is resilient. (AC +4)
You are immune to poison.
You resist negative energy. (rN+)
You are resistant to electric shocks. (rElec)
You are resistant to unholy torment.
You are immune to petrification.


   Skills:
 - Level 2.0 Fighting
 + Level 4.6 Ranged Weapons
 - Level 1.0 Armour
 - Level 1.5 Dodging
 - Level 1.0 Spellcasting
 - Level 2.6 Hexes


You had 5 spell levels left.
You knew the following spells:

 Your Spells              Type           Power      Damage    Failure   Level
a - Slow                  Hex            28%        N/A       22%         1

Your spell library contained the following spells:

 Spells                   Type           Power      Damage    Failure   Level
 Inner Flame              Hex/Fire       4%         N/A       73%         3
 Portal Projectile        Hex/Tloc       8%         N/A       73%         3
 Cause Fear               Hex            3%         N/A       91%         4

Inventory:

Hand Weapons
 Y - a +3 sling (weapon)
Armour
 c - a +0 helmet
 e - a +0 ring mail (worn)
 f - a +0 pair of boots (worn)
Scrolls
 a - a scroll of teleportation {unknown}
 b - 2 scrolls of identify {unknown}
Potions
 h - a potion of attraction {unknown}

Dungeon Overview and Level Annotations

Branches:
Dungeon (2/15)

Altars:
Zin

Annotations:
D:2 Terence


Message History

Terence zaps a wand.
The puff of flame hits you!
You shoot a sling bullet. The sling bullet barely misses Terence.
Terence hits you with a +0 short sword. Terence completely misses you.
You shoot a sling bullet.
The sling bullet closely misses Terence.
Terence hits you but does no damage.
You shoot a sling bullet. The sling bullet hits Terence.
Terence is moderately wounded.
Terence zaps a wand.
The puff of flame hits you.
You shoot a sling bullet.
The sling bullet hits Terence but does no damage.
Terence is moderately wounded.
Terence hits you but does no damage. Terence completely misses you.
You shoot a sling bullet.
The sling bullet closely misses Terence.
Terence hits you with a +0 short sword.
You shoot a sling bullet. The sling bullet barely misses Terence.
Terence zaps a wand.
The puff of flame hits you but does no damage.
You shoot a sling bullet. The sling bullet hits Terence.
Terence is moderately wounded.
Terence hits you with a +0 short sword.
You shoot a sling bullet.
The sling bullet closely misses Terence.
Terence zaps a wand.
The puff of flame hits you. Terence hits you but does no damage.
You shoot a sling bullet. The sling bullet barely misses Terence.
Terence zaps a wand.
The puff of flame hits you but does no damage.
You shoot a sling bullet.
The sling bullet hits Terence but does no damage.
Terence is moderately wounded.
Terence looks scornfully at you. Terence hits you but does no damage.
You shoot a sling bullet. The sling bullet barely misses Terence.
Terence hits you but does no damage. Terence hits you with a +0 short sword.
You shoot a sling bullet. The sling bullet hits Terence!
Terence is severely wounded.
Terence zaps a wand.
The puff of flame hits you!
You die...

#######.#.......# #.# #.#
#.#>..##### #.# ###'#
#.#<........ #.# #....
#.#.#.###### #.# #.... #
#.#.#.# #.# #.... # #.#.#.#
#.# ###'# #######.#...# #.#
#.# '.......#.########.#.#
#.# ######..........@..#.#
#.# #
#.##.#######@.#.##########.#
#.##.# ..#............#
#.#..# ..##############
#.#..#.# ..# #.#..#.# ..#
#.#..#.# ..# #.#..#.# .##
#.#.<#.# .#


You could see Terence.

Vanquished Creatures
  Robin (D:2)
  3 gnolls (D:2)
  2 adders (D:2)
  A dart slug (D:1)
  3 bats
  3 endoplasms (D:2)
  2 giant cockroaches (D:1)
  8 goblins
  2 hobgoblins
  14 jackals (D:1)
  5 ball pythons
  6 frilled lizards
  6 kobolds
  3 rats
59 creatures vanquished.

Notes
Turn   | Place    | Note
-------+----------+-------------------------------------------
     0 | D:1      | qw the Gargoyle Hexslinger began the quest for the Orb.
     0 | D:1      | Reached XP level 1. HP: 12/12 MP: 2/2
     0 | D:1      | 0 ||| qw: Version: 0.3-a-52-g30416fa
     0 | D:1      | 0 ||| qw: Game counter: 7130
     0 | D:1      | 0 ||| qw: Melee chars always use a shield: true
     0 | D:1      | 0 ||| qw: God list: Okawaru
     0 | D:1      | 0 ||| qw: Allow faded altars: false
     0 | D:1      | 0 ||| qw: Do Orc after clearing Dungeon:15 true
     0 | D:1      | 0 ||| qw: Do second Lair branch before Depths: true
     0 | D:1      | 0 ||| qw: Lair rune preference: random
     0 | D:1      | 0 ||| qw: Goals: Normal
     0 | D:1      | 0 ||| PLANNING D:1-11
    99 | D:1      | Reached XP level 2. HP: 16/16 MP: 3/3
   122 | D:1      | Reached skill level 3 in Ranged Weapons
   273 | D:1      | Reached XP level 3. HP: 21/21 MP: 4/4
   769 | D:1      | 769 ||| UPGRADING to +0 ring mail.
   779 | D:1      | 779 ||| DROPPING +0 robe.
   780 | D:1      | 780 ||| UPGRADING to +0 pair of boots.
   785 | D:1      | 785 ||| READING scroll labelled EPPIBOERCHI.
   786 | D:1      | 786 ||| READING scroll labelled DACEHY UPSEI.
   787 | D:1      | 787 ||| READING scroll labelled ZYEFOT IQAZXIYGHEF.
   788 | D:1      | 788 ||| READING scroll labelled VUBLAO TASALA.
   789 | D:1      | 789 ||| DROPPING scroll of poison.
   840 | D:2      | Reached skill level 1 in Armour
   888 | D:2      | Found a glowing silver altar of Zin.
   915 | D:2      | Reached XP level 4. HP: 26/26 MP: 5/5
   932 | D:2      | Reached skill level 4 in Ranged Weapons
  1111 | D:2      | 1111 ||| READING scroll of enchant weapon.
  1111 | D:2      | 1111 ||| ENCHANTING +2 sling.
  1201 | D:2      | Noticed Robin
  1209 | D:2      | Killed Robin
  1210 | D:2      | Reached XP level 5. HP: 26/30 MP: 6/6
  1322 | D:2      | Noticed Terence
  1334 | D:2      | HP: 5/30 [Terence/+0 short sword (5)]
  1335 | D:2      | Killed from afar by Terence

Levels and vault maps discovered:
D:1:      dpeg_arrival_three_same_balls, layout_basic
D:2:      layout_basic, basic_altar, kennysheep_potato, uniq_terence, uniq_robin

Skill      XL: |  1  2  3  4 |
---------------+-------------+-----
Ranged Weapons | 3 4 |  4.6
Fighting       | 2 |  2.0
Armour         | 1 |  1.0
Dodging        | |  1.5
Spellcasting   | |  1.0
Hexes          | |  2.6

Action                     |  1- 3 |  4- 6 || total
---------------------------+-------+-------++-------
   Fire: Sling             |   109 |    83 ||   192
    Use: Scroll            |     4 |     1 ||     5
 Armour: Robe              |    30 |       ||    30
         Ring mail         |     1 |    23 ||    24
  Dodge: Dodged            |    71 |    19 ||    90

Table legend:
 A = Non-vault XP
 B = Vault XP
 C = Vault XP percentage of total XP
 D = Non-vault monster count
 E = Vault monster count
 F = Vault count percentage of total count
                 A         B        C        D         E       F
            +---------+---------+-------+---------+---------+-------
      Total |     148 |      27 |  15.4 |      51 |       8 |  13.6
            +---------+---------+-------+---------+---------+-------
        D:1 |      59 |       0 |   0.0 |      33 |       0 |   0.0
        D:2 |      89 |      27 |  23.3 |      18 |       8 |  30.8
            +---------+---------+-------+---------+---------+-------
